 Dungeon Crawl Stone Soup version 0.23.2-33-g5129a83184 (webtiles) character file.

Game seed: 12048597522395702060

721 DildoBatman the Conjurer (level 8, 0/52 HPs)
             Began as a Formicid Wizard on July 9, 2019.
             Was a Follower of Ashenzari.
             Slain by a crimson imp (1 damage)
             ... on level 4 of the Dungeon.
             The game lasted 00:12:13 (4037 turns).

DildoBatman the Conjurer (Formicid Wizard)          Turns: 4037, Time: 00:12:13

Health: 0/52       AC:  2    Str: 12    XL:     8   Next: 2%
Magic:  10/12      EV: 12    Int: 20    God:    Ashenzari [*.....]
Gold:   167        SH:  4    Dex:  9    Spells: 6/13 levels left

rFire    + . .     SeeInvis +   a - +2 dagger (elec)
rCold    x . .     Gourm    +   h - +0 buckler
rNeg     . . .     Faith    .   f - +0 robe
rPois    .         Spirit   .   (helmet unavailable)
rElec    .         Reflect  .   (no cloak)
rCorr    .         Harm     .   (no gloves)
MR       .....                  (no boots)
Stlth    ++........             g - amulet of the gourmand
HPRegen  0.17/turn              j - ring of fire
MPRegen  0.13/turn              x - ring of wizardry

@: lethally poisoned (0 -> -7)
A: permanent stasis, dig shafts and tunnels, four strong arms, antennae 3
a: Dig, Shaft Self, Curse Item, Scrying, Renounce Religion


You were on level 4 of the Dungeon.
You worshipped Ashenzari.
Ashenzari was aware of your devotion.
You were completely stuffed.

You visited 1 branch of the dungeon, and saw 4 of its levels.
You also visited: Sewer.

You collected 167 gold pieces.

Inventory:

Hand Weapons
 a - a +2 dagger of electrocution (weapon)
 b - a +1 whip of draining
 e - a +0 trident
 q - a +2 shortbow of freezing
Missiles
 d - 16 poisoned needles
 k - 74 stones (quivered)
 r - 54 arrows
 s - 41 sling bullets
Armour
 f - a +0 robe (worn)
 h - a +0 buckler (worn)
Jewellery
 g - an amulet of the gourmand (around neck)
 j - a ring of fire (left hand)
 x - a ring of wizardry (right hand)
Wands
 z - a wand of acid (4)
Scrolls
 i - a scroll of magic mapping {unknown}
 l - a scroll of fog {unknown}
 o - a scroll of amnesia
 p - 3 scrolls of fear
 t - a scroll of random uselessness {unknown}
Potions
 c - a potion of degeneration {unknown}
 m - 2 potions of haste {unknown}
 n - 2 potions of agility {unknown}
 w - a potion of mutation {unknown}
Comestibles
 v - 12 rations


   Skills:
 - Level 1.7 Dodging
 * Level 3.3 Stealth
 - Level 3.3 Shields
 - Level 3.2 Spellcasting
 - Level 6.2 Conjurations
   Level 1.0 Summonings
   Level 0.8 Translocations
 * Level 1.3 Fire Magic
 * Level 1.0 Air Magic
 * Level 1.9 Poison Magic


You had 6 spell levels left.
You knew the following spells:

 Your Spells              Type           Power        Failure   Level  Hunger
a - Conjure Flame         Conj/Fire      ####....     3%          3    ###....
c - Magic Dart            Conj           ####         1%          1    None
e - Mephitic Cloud        Conj/Pois/Air  ###.....     4%          3    ###....

Your spell library contained the following spells:

 Spells                   Type           Power        Failure   Level  Hunger
 Call Imp                 Summ           #.......     6%          2    ##.....
 Slow                     Hex            #.......     9%          2    ##.....
 Blink                    Tloc           Unusable     N/A         2    N/A

Dungeon Overview and Level Annotations

Branches:
Dungeon (4/15)
 Temple: D:4-7

Altars:
Ashenzari
Sif Muna

Annotations:
D:2 1 runed translucent door, exclusion: worm, Crazy Yiuf, Jessica
D:4 1 runed translucent door, exclusion: ogre, Exodus22XD's ghost, amateur MiBe


Innate Abilities, Weirdness & Mutations

You cannot be hasted, slowed, berserked, paralysed or teleported.
You can dig through walls and to a lower floor.
Your four strong arms can wield two-handed weapons with a shield.
You have a pair of large antennae on your head. (SInv)


Message History

r - Retreat! s - Stop attacking. g - Guard the area. f - Follow me.
Anything else - Cancel.
You shout for attention!
The worker ant misses you. The crimson imp hits you. The worker ant bites you.
You are lethally poisoned!
The worker ant poisons you! What are your orders? t - Shout!
Orders for allies: a - Attack new target. p - Attack previous target. r - Retreat! s - Stop attacking. g - Guard the area. f - Follow me.
Anything else - Cancel.
You shout for attention!
You feel sick. The worker ant bites you. The crimson imp hits you.
You die...

# #............#
# #.......##..##
##...##.#......#
.#..##..#..#...#
...###.#...#...##
.#..##...#
##>..## ##
.......#.
##...##..#..
.........
###..........
.........
#....@a....##
.........
#..##..5.####
............#
#......#
............
.......#
...........
.##)....#
......... #.
#.....# .........
# #.....#
######### ...####


You could see a worker ant and a crimson imp.

Vanquished Creatures
  A centaur (D:4)
  4 big kobolds (Sewer)
  A bullfrog (D:2)
  A hound (D:4)
  An orc wizard (D:3)
  A bullfrog skeleton (D:4)
  7 adders
  3 river rats (Sewer)
  4 oozes (Sewer)
  5 worms
  2 dart slugs (D:1)
  3 leopard geckos
  4 orcs (D:3)
  11 ball pythons
  8 hobgoblins
  4 jackals
  8 kobolds
  2 quokkas (D:2)
  7 bats
  6 frilled lizards
  4 goblins
  14 rats
101 creatures vanquished.

Notes
Turn   | Place    | Note
-------+----------+-------------------------------------------
     0 | D:1      | DildoBatman the Formicid Wizard began the quest for the
                  | Orb.
     0 | D:1      | Reached XP level 1. HP: 13/13 MP: 4/4
    63 | D:1      | Reached skill level 1 in Conjurations
   426 | D:1      | Reached XP level 2. HP: 17/19 MP: 0/6
   569 | D:1      | Reached skill level 2 in Conjurations
   714 | D:1      | Reached XP level 3. HP: 16/24 MP: 1/7
   719 | D:1      | Learned a level 3 spell: Conjure Flame
   723 | D:1      | Learned a level 3 spell: Mephitic Cloud
  1314 | D:2      | Reached skill level 1 in Shields
  1366 | D:2      | Noticed Jessica
  1636 | D:2      | Reached XP level 4. HP: 30/30 MP: 1/8
  1672 | D:2      | Noticed a bullfrog
  1810 | D:2      | Found a runed translucent door.
  1811 | D:2      | Noticed Crazy Yiuf
  1838 | D:2      | Killed a bullfrog
  1838 | D:2      | Reached skill level 3 in Conjurations
  1838 | D:2      | Reached XP level 5. HP: 27/35 MP: 2/9
  2238 | D:3      | Found a shattered altar of Ashenzari.
  2255 | D:3      | Became a worshipper of Ashenzari the Shackled
  2325 | D:3      | Found a glowing drain.
  2444 | Sewer    | Entered a sewer
  2576 | Sewer    | Reached skill level 4 in Conjurations
  2580 | Sewer    | Reached XP level 6. HP: 29/41 MP: 2/10
  3007 | Sewer    | Reached skill level 5 in Conjurations
  3014 | Sewer    | Reached XP level 7. HP: 43/46 MP: 1/11
  3327 | Sewer    | Reached skill level 6 in Conjurations
  3905 | D:4      | Reached skill level 1 in Poison Magic
  3917 | D:4      | Found a runed translucent gate.
  3917 | D:4      | Noticed Exodus22XD's ghost (amateur MiBe)
  3947 | D:4      | Reached * piety under Ashenzari
  3973 | D:4      | Found a deep blue altar of Sif Muna.
  4004 | D:4      | Reached skill level 1 in Fire Magic
  4004 | D:4      | Reached skill level 1 in Air Magic
  4004 | D:4      | Reached XP level 8. HP: 44/52 MP: 8/12
  4037 | D:4      | HP: 1/52 [worker ant (5)]
  4037 | D:4      | Slain by a crimson imp

Skill      XL: |  1  2  3  4  5  6  7 |
---------------+----------------------+-----
Conjurations   | 1 2 3 4 5 6 |  6.2
Shields        | 2 3 |  3.3
Poison Magic   | 1 |  1.9
Stealth        | 3 |  3.3
Fire Magic     | 1 |  1.3
Air Magic      | 1 |  1.0
Dodging        | |  1.7
Spellcasting   | |  3.2
Summonings     | |  1.0
Translocations | |  0.8

Action                   |  1- 3 |  4- 6 |  7- 9 || total
-------------------------+-------+-------+-------++-------
Melee: Dagger            |    12 |    11 |    27 ||    50
       Trident           |       |    26 |     1 ||    27
 Cast: Magic Dart        |    68 |    93 |    64 ||   225
       Mephitic Cloud    |       |     5 |     2 ||     7
       Conjure Flame     |       |     1 |       ||     1
 Abil: Dig               |     1 |     8 |     7 ||    16
  Use: Scroll            |       |     3 |     1 ||     4
 Stab: Sleeping          |     1 |       |       ||     1
       Confused          |       |       |     2 ||     2
  Eat: Chunk             |     2 |    15 |     4 ||    21
Armor: Robe              |     3 |     4 |     3 ||    10
Dodge: Dodged            |    16 |    23 |    27 ||    66
Block: Buckler           |     3 |    10 |    10 ||    23
